 Dungeon Crawl Stone Soup version 0.29-a0-275-g389c0b56f3 (webtiles) character file.

Game seed: 17785679228170480301

517 sanka the Ducker (level 7, -1/57 (60) HPs)
             Began as a Gnoll Monk on Mar 11, 2022.
             Incinerated by a smoke demon (8 damage)
             ... with a sticky flame
             ... on level 6 of the Dungeon.
             The game lasted 00:07:49 (4847 turns).

sanka the Ducker (Gnoll Monk)                       Turns: 4847, Time: 00:07:50

HP:   -1/57 (60)    AC:  6    Str: 13    XL:     7   Next: 20%
MP:   10/10         EV: 16    Int:  9    God:
Gold: 206           SH:  0    Dex: 20    Spells: 10/10 levels left

rFire   . . .      SeeInvis .   p - +0 war axe
rCold   . . .      Faith    .   (no shield)
rNeg    . . .      Spirit   .   b - +0 robe
rPois   .          Reflect  .   (no helmet)
rElec   .          Harm     .   (no cloak)
rCorr   .          Rampage  .   (no gloves)
Will    .....      Rnd*Tele +   (no boots)
Stlth   ++........              z - amulet of the acrobat
HPRegen 0.19/turn               m - +4 ring of protection
MPRegen 0.12/turn               s - +6 ring of dexterity

@: on fire, glowing, drained
A: fangs 1, strong nose, distributed training, talons 1, teleportitis 1, wild
magic 1
a: no special abilities


You were on level 6 of the Dungeon.
You visited 1 branch of the dungeon, and saw 6 of its levels.

You collected 325 gold pieces.
You spent 119 gold pieces at shops.


Innate Abilities, Weirdness & Mutations

You have very sharp teeth.
Your uncanny sense of smell can sniff out nearby items.
Your experience applies equally to all skills.
You have sharp toenails.
You are occasionally teleported next to monsters.
Your spells are a little harder to cast, but a little more powerful.


   Skills:
 + Level 7.0 Fighting
 + Level 2.3 Short Blades
 + Level 2.3 Long Blades
 + Level 7.0 Axes
 + Level 2.3 Maces & Flails
 + Level 2.3 Polearms
 + Level 2.3 Staves
 + Level 2.3 Slings
 + Level 2.3 Bows
 + Level 2.3 Crossbows
 + Level 2.3 Throwing
 + Level 2.3 Armour
 + Level 7.0 Dodging
 + Level 4.8 Stealth
 + Level 2.3 Shields
 + Level 2.3 Unarmed Combat
 + Level 2.3 Spellcasting
 + Level 1.9 Conjurations
 + Level 1.9 Hexes
 + Level 1.9 Summonings
 + Level 1.9 Necromancy
 + Level 1.9 Translocations
 + Level 1.9 Transmutations
 + Level 1.9 Fire Magic
 + Level 1.9 Ice Magic
 + Level 1.9 Air Magic
 + Level 1.9 Earth Magic
 + Level 1.9 Poison Magic
 + Level 2.6 Invocations
 + Level 2.3 Evocations


You had 10 spell levels left.
You didn't know any spells.
Your spell library was empty.

Inventory:

Hand Weapons
 a - a +0 hand axe
 c - a +0 morningstar
 l - a +0 halberd
 p - a +0 war axe (weapon)
 x - a +0 long sword of flaming
Missiles
 h - 2 poisoned darts (quivered)
 y - 4 javelins
Armour
 b - a +0 robe (worn)
 i - an orb of guile
Jewellery
 m - a +4 ring of protection (left hand)
 s - a +6 ring of dexterity (right hand)
 z - an amulet of the acrobat (around neck)
 A - a +6 ring of intelligence
Scrolls
 d - 2 scrolls of enchant weapon
 e - 2 scrolls of amnesia
 f - a scroll of fear
 g - 3 scrolls of teleportation {@r4}
 k - a scroll of vulnerability {!r}
 n - a scroll of enchant armour
 o - 2 scrolls of magic mapping
 r - a scroll of noise {unknown}
 w - a scroll of brand weapon
 B - a scroll of torment {unknown}
Potions
 j - a potion of might {unknown}
 q - a potion of curing {@q1}
 t - 3 potions of magic {unknown}
 u - a potion of flight {unknown}
 v - a potion of lignification {!q}

Dungeon Overview and Level Annotations

Branches:
Dungeon (6/15)
 Temple: D:4-7

Altars:
Dithmenos
Elyvilon
Makhleb
Uskayaw
Yredelemnul

Shops:
D:2

? ▒)...▒ ∆ ▒....▒ ▒.▒.▒
....▒ ▒▒▒.▒.▒ ▒...▒
▒.▒.▒.▒ ▒...+ ▒.▒.▒.▒
▒...▒▒ ▒+▒.▒.▒.▒
▒▒▒....▒ ▒.▒.▒.▒.▒
.......▒▒▒▒..4▒5▒K▒▒▒▒▒▒
.............554gK5KK..▒
.▒▒▒▒▒▒▒▒▒▒▒▒.▒K▒3▒▒▒▒.▒
.▒ ...▒.▒.▒ .. ▒▒▒▒▒.▒.▒
▒▒▒▒ ▒.▒.▒ ...▒ ▒.▒.▒
▒▒.▒ ▒...▒ ▒▒▒▒▒


You could see 2 rust devils, 2 kobold demonologists, a smoke demon (summoned), a
quasit (summoned), a crimson imp (summoned), a white imp (summoned), an ufetubus
(summoned) and 3 kobolds.


Message History

The kobold demonologist is lightly wounded.
You hit the kobold. You closely miss the white imp.
You closely miss the ufetubus.
You closely miss the kobold demonologist.
You closely miss the smoke demon.
You are covered in liquid flames!
* * * LOW HITPOINT WARNING * * *
The kobold demonologist hits you with a +0 dagger.
* * * LOW HITPOINT WARNING * * *
The ufetubus misses you. The ufetubus misses you.
The kobold demonologist hits you but does no damage.
The kobold closely misses you. The white imp gestures at you.
The puff of frost hits you!
* * * LOW HITPOINT WARNING * * *
The smoke demon closely misses you. The smoke demon barely misses you.
The smoke demon hits you.
* * * LOW HITPOINT WARNING * * *
The kobold completely misses you.
The kobold demonologist completely misses you.
The kobold demonologist mumbles some strange words.
The white imp shouts, "Get thee gone, thou gorbellied weevil-witted apple-john!"
The white imp closely misses you.
Unknown command.
Unknown command.
You are covered in liquid flames!
You die...

Action                   |  1- 3 |  4- 6 |  7- 9 || total
-------------------------+-------+-------+-------++-------
Melee: Hand axe          |   105 |    72 |       ||   177
       Bite              |     4 |    18 |     2 ||    24
       Punch             |       |     1 |     1 ||     2
       Morningstar       |       |    20 |       ||    20
       Unarmed           |       |    12 |       ||    12
       Halberd           |       |     4 |       ||     4
       Kick              |       |     6 |     9 ||    15
       War axe           |       |    22 |    31 ||    53
Throw: Dart              |       |     2 |     1 ||     3
  Use: Scroll            |     3 |     3 |       ||     6
       Potion            |       |     8 |     1 ||     9
 Stab: Sleeping          |     8 |     6 |     1 ||    15
       Distracted        |       |     1 |     1 ||     2
Armor: Robe              |    11 |    19 |    18 ||    48
       Skin              |       |     8 |       ||     8
Dodge: Dodged            |    67 |   104 |    43 ||   214

Levels and vault maps discovered:
D:1:      erik_arrival_triangle_medium, layout_basic
D:2:      layout_rooms, serial_shops, nicolae_shop_trees, minmay_3d_cube
D:3:      layout_basic, nicolae_overflow_crystal_walls, amcnicky_altar_gilded,
          mainiacjoe_overflow_chevrons, mainiacjoe_overflow_catwalk
D:4:      layout_cave_pods
D:5:      layout_loops_ring, nicolae_uskayaw_en_pointe, uniq_sigmund
D:6:      layout_basic, lemuel_doored_altar, minmay_temple_entry_from_below_b,
          minmay_misc_feat_encased, small_statue_intersection

Notes
Turn   | Place    | Note
-------+----------+-------------------------------------------
     0 | D:1      | sanka the Gnoll Monk began the quest for the Orb.
     0 | D:1      | Reached XP level 1. HP: 23/23 MP: 1/1
   295 | D:1      | Reached XP level 2. HP: 29/29 MP: 2/2
  1118 | D:2      | Reached XP level 3. HP: 35/35 MP: 3/3
  1281 | D:2      | Found Ogro Dirch's Magic Scroll Boutique.
  1286 | D:2      | Bought a scroll of identify for 28 gold pieces
  1286 | D:2      | Bought a scroll of teleportation for 42 gold pieces
  1315 | D:2      | Reached skill level 1 in Invocations
  1592 | D:2      | Bought a scroll of magic mapping for 49 gold pieces
  1623 | D:3      | Reached skill level 1 in Short Blades
  1623 | D:3      | Reached skill level 1 in Long Blades
  1623 | D:3      | Reached skill level 1 in Maces & Flails
  1623 | D:3      | Reached skill level 1 in Polearms
  1623 | D:3      | Reached skill level 1 in Staves
  1623 | D:3      | Reached skill level 1 in Slings
  1623 | D:3      | Reached skill level 1 in Bows
  1623 | D:3      | Reached skill level 1 in Crossbows
  1623 | D:3      | Reached skill level 1 in Throwing
  1623 | D:3      | Reached skill level 1 in Armour
  1623 | D:3      | Reached skill level 1 in Shields
  1623 | D:3      | Reached skill level 1 in Unarmed Combat
  1623 | D:3      | Reached skill level 1 in Spellcasting
  1623 | D:3      | Reached skill level 1 in Evocations
  1663 | D:3      | Found a white marble altar of Elyvilon.
  1759 | D:3      | Found a shadowy altar of Dithmenos.
  1792 | D:3      | Reached XP level 4. HP: 39/41 MP: 5/5
  1850 | D:3      | Found a basalt altar of Yredelemnul.
  1879 | D:3      | Found a burning altar of Makhleb.
  2630 | D:4      | Reached skill level 1 in Conjurations
  2630 | D:4      | Reached skill level 1 in Hexes
  2630 | D:4      | Reached skill level 1 in Summonings
  2630 | D:4      | Reached skill level 1 in Necromancy
  2630 | D:4      | Reached skill level 1 in Translocations
  2630 | D:4      | Reached skill level 1 in Transmutations
  2630 | D:4      | Reached skill level 1 in Fire Magic
  2630 | D:4      | Reached skill level 1 in Ice Magic
  2630 | D:4      | Reached skill level 1 in Air Magic
  2630 | D:4      | Reached skill level 1 in Earth Magic
  2630 | D:4      | Reached skill level 1 in Poison Magic
  2633 | D:4      | HP: 4/41 [orc priest/divine providence (10)]
  2646 | D:4      | Reached XP level 5. HP: 25/47 MP: 6/6
  3516 | D:5      | Entered Level 5 of the Dungeon
  3547 | D:5      | Gained mutation: You are occasionally teleported next to
                  | monsters. [potion of mutation]
  3547 | D:5      | Gained mutation: Your spells are a little harder to cast,
                  | but a little more powerful. [potion of mutation]
  3547 | D:5      | Gained mutation: You have sharp toenails. [potion of
                  | mutation]
  3727 | D:5      | Noticed a +0 spear
  3736 | D:5      | Reached XP level 6. HP: 47/53 MP: 8/8
  3771 | D:5      | Noticed a +0 falchion
  3775 | D:5      | Noticed a +0 dagger
  3776 | D:5      | Noticed a +0 spear
  3776 | D:5      | Noticed a +0 falchion
  3777 | D:5      | Noticed a +0 dagger
  3777 | D:5      | Noticed a +0 short sword
  3778 | D:5      | Noticed a +0 short sword
  3807 | D:5      | Found a hide-covered altar of Uskayaw.
  3844 | D:5      | Reached skill level 2 in Invocations
  3949 | D:5      | Noticed Sigmund
  3966 | D:5      | Killed Sigmund
  3967 | D:5      | Reached skill level 2 in Short Blades
  3967 | D:5      | Reached skill level 2 in Long Blades
  3967 | D:5      | Reached skill level 2 in Maces & Flails
  3967 | D:5      | Reached skill level 2 in Polearms
  3967 | D:5      | Reached skill level 2 in Staves
  3967 | D:5      | Reached skill level 2 in Slings
  3967 | D:5      | Reached skill level 2 in Bows
  3967 | D:5      | Reached skill level 2 in Crossbows
  3967 | D:5      | Reached skill level 2 in Throwing
  3967 | D:5      | Reached skill level 2 in Armour
  3967 | D:5      | Reached skill level 2 in Shields
  3967 | D:5      | Reached skill level 2 in Unarmed Combat
  3967 | D:5      | Reached skill level 2 in Spellcasting
  3967 | D:5      | Reached skill level 2 in Evocations
  4171 | D:5      | Reached XP level 7. HP: 59/59 MP: 10/10
  4681 | D:6      | Reached skill level 7 in Fighting
  4681 | D:6      | Reached skill level 7 in Axes
  4681 | D:6      | Reached skill level 7 in Dodging
  4828 | D:6      | Noticed a kobold demonologist
  4829 | D:6      | Noticed a kobold demonologist
  4843 | D:6      | Noticed a smoke demon
  4845 | D:6      | Noticed a rust devil
  4846 | D:6      | HP: 4/57 [white imp/puff of frost[a kobold demonologist]
                  | (9)]
  4847 | D:6      | Noticed a rust devil
  4847 | D:6      | Incinerated by a smoke demon

Vanquished Creatures
  Sigmund (D:5)
  3 hounds (D:5)
  3 orc priests
  A gnoll shaman (D:5)
  3 gnolls (D:5)
  5 adders
  A white imp (D:5)
  A worm (D:2)
  A dart slug (D:4)
  11 orcs
  4 ball pythons
  4 bats
  8 endoplasms
  3 giant cockroaches
  A goblin (D:4)
  2 hobgoblins (D:2)
  10 kobolds
  A quokka (D:4)
  2 frilled lizards
  8 rats
73 creatures vanquished.

Vanquished Creatures (others)
  A kobold (D:6)
  2 plants (D:3)
3 creatures vanquished.

Grand Total: 76 creatures vanquished
